 Dungeon Crawl Stone Soup version 0.27-a0-955-gb57c80000f (webtiles) character file.

Game seed: 13463669343047130164

86 Glokmah the Covered (level 4, -1/41 HPs)
             Began as a Gnoll Wanderer on Apr 12, 2021.
             Was a Believer of Fedhas.
             Slain by an iguana (9 damage)
             ... on level 3 of the Dungeon.
             The game lasted 00:04:12 (2394 turns).

Glokmah the Covered (Gnoll Wanderer)                Turns: 2394, Time: 00:04:14

Health: -1/41      AC:  7    Str: 12    XL:     4   Next: 50%
Magic:  5/5        EV:  8    Int: 13    God:    Fedhas [**....]
Gold:   108        SH:  8    Dex: 10    Spells: 5/5 levels left

rFire    . . .     SeeInvis .   i - +0 short sword
rCold    . . .     Faith    .   b - +0 kite shield
rNeg     . . .     Spirit   .   k - +0 ring mail
rPois    .         Reflect  .   (no helmet)
rElec    .         Harm     .   (no cloak)
rCorr    .         Rampage  .   j - +0 pair of gloves
Will     .....                  (no boots)
Stlth    +.........             (no amulet)
HPRegen  0.13/turn              (no ring)
MPRegen  0.09/turn              (no ring)

@: no status effects
A: fangs 1, strong nose, distributed training
a: Renounce Religion, Wall of Briars


You were on level 3 of the Dungeon.
You worshipped Fedhas.
Fedhas was pleased with you.
You visited 1 branch of the dungeon, and saw 3 of its levels.

You collected 108 gold pieces.

Inventory:

Hand Weapons
 a - a +0 hand crossbow
 i - a +0 short sword (weapon)
Missiles
 c - 24 bolts
 f - 100 stones (quivered)
Armour
 b - a +0 kite shield (worn)
 j - a +0 pair of gloves (worn)
 k - a +0 ring mail (worn)
Magical Staves
 e - a staff of cold
Scrolls
 h - 2 scrolls of amnesia {unknown}
 m - a scroll of enchant weapon {unknown}
 o - a scroll of teleportation {unknown}
 p - a scroll of magic mapping {unknown}
 r - 3 scrolls of summoning {unknown}
Potions
 d - 3 potions of lignification
 g - a potion of curing {unknown}
 l - a potion of experience {unknown}
 n - a potion of attraction {unknown}
 q - a potion of haste {unknown}


   Skills:
 + Level 6.6 Fighting
 + Level 1.1 Short Blades
 + Level 1.1 Long Blades
 + Level 1.1 Axes
 + Level 1.1 Maces & Flails
 + Level 1.1 Polearms
 + Level 1.1 Staves
 + Level 1.1 Slings
 + Level 2.7 Bows
 + Level 2.7 Crossbows
 + Level 1.1 Throwing
 + Level 6.6 Armour
 + Level 1.1 Dodging
 + Level 2.5 Stealth
 + Level 2.7 Shields
 + Level 1.1 Unarmed Combat
 + Level 1.1 Spellcasting
 + Level 0.9 Conjurations
 + Level 0.9 Hexes
 + Level 0.9 Summonings
 + Level 0.9 Necromancy
 + Level 0.9 Translocations
 + Level 0.9 Transmutations
 + Level 0.9 Fire Magic
 + Level 0.9 Ice Magic
 + Level 0.9 Air Magic
 + Level 0.9 Earth Magic
 + Level 0.9 Poison Magic
 + Level 1.2 Invocations
 + Level 1.1 Evocations


You had 5 spell levels left.
You didn't know any spells.
Your spell library was empty.

Dungeon Overview and Level Annotations

Branches:
Dungeon (3/15)

Altars:
Cheibriados
Fedhas


Innate Abilities, Weirdness & Mutations

You have very sharp teeth.
Your uncanny sense of smell can sniff out nearby items.
Your experience applies equally to all skills.


Message History

The iguana is heavily wounded.
You block the iguana's attack.
You hit the iguana but do no damage. Your bite misses the iguana.
The iguana is heavily wounded.
The iguana bites you but does no damage.
You hit the iguana.
The iguana is heavily wounded.
The iguana bites you.
You hit the iguana but do no damage.
The iguana is heavily wounded.
The iguana barely misses you. x2
You completely miss the iguana. You bite the iguana, but do no damage.
The iguana is heavily wounded.
The iguana bites you but does no damage.
You hit the iguana but do no damage.
The iguana is heavily wounded.
The iguana bites you but does no damage.
You closely miss the iguana.
The iguana is heavily wounded.
The iguana bites you.
You closely miss the iguana.
The iguana is heavily wounded.
The iguana bites you but does no damage.
The iguana bites you.
You hit the iguana but do no damage.
The iguana is heavily wounded.
The iguana bites you but does no damage.
You hit the iguana.
The iguana is severely wounded.
The iguana bites you.
You closely miss the iguana.
The iguana is severely wounded.
The iguana bites you.
You hit the iguana.
The iguana is almost dead.
The iguana bites you!
* * * LOW HITPOINT WARNING * * *
The iguana bites you!
You die...
Fedhas appreciates your contribution to the ecosystem.

#...# #.# #.......#
#.<.# #.# ......#.#
#...#####.##....#.# #
#..........^....#.#
#####...#####.##.......
..............##......
# ................ ..
..
..............##.#....
###.#....####.@l......
.. ./
#.#..........###.#.# .#
. # #....#####.# .#
.#.# #....# #.# .
##.#.### #....# #.##
#.#...... ......#
#.##..#.#....#.##
##...###
#...........b.... #.##
### #<# #. #......#


You could see an iguana.

Vanquished Creatures
  3 adders
  A shadow imp (D:3)
  2 dart slugs
  2 bats
  6 endoplasms
  A giant cockroach (D:1)
  6 goblins
  6 hobgoblins (D:1)
  6 jackals
  A quokka (D:1)
  3 ball pythons
  4 frilled lizards
  2 kobolds (D:1)
  2 rats (D:2)
45 creatures vanquished.

Notes
Turn   | Place    | Note
-------+----------+-------------------------------------------
     0 | D:1      | Glokmah the Gnoll Wanderer began the quest for the Orb.
     0 | D:1      | Glokmah set off with the following items: a +0 hand
                  | crossbow, a +0 kite shield, 26 bolts, a potion of
                  | lignification, a +0 robe
     0 | D:1      | Reached XP level 1. HP: 23/23 MP: 1/1
   245 | D:1      | Found a faded altar of an unknown god.
   266 | D:1      | Became a worshipper of Fedhas Madash
   266 | D:1      | Reached * piety under Fedhas
   304 | D:1      | Reached XP level 2. HP: 29/29 MP: 2/2
   937 | D:1      | Reached XP level 3. HP: 31/35 MP: 3/3
  1385 | D:2      | Reached ** piety under Fedhas
  1386 | D:2      | Reached skill level 1 in Invocations
  1557 | D:2      | Reached skill level 1 in Short Blades
  1557 | D:2      | Reached skill level 1 in Long Blades
  1557 | D:2      | Reached skill level 1 in Axes
  1557 | D:2      | Reached skill level 1 in Maces & Flails
  1557 | D:2      | Reached skill level 1 in Polearms
  1557 | D:2      | Reached skill level 1 in Staves
  1557 | D:2      | Reached skill level 1 in Slings
  1557 | D:2      | Reached skill level 1 in Throwing
  1557 | D:2      | Reached skill level 1 in Dodging
  1557 | D:2      | Reached skill level 1 in Unarmed Combat
  1557 | D:2      | Reached skill level 1 in Spellcasting
  1557 | D:2      | Reached skill level 1 in Evocations
  1769 | D:2      | Reached XP level 4. HP: 27/41 MP: 5/5
  2335 | D:3      | Found a snail-covered altar of Cheibriados.
  2394 | D:3      | Slain by an iguana

Illustrated notes

Levels and vault maps discovered:
D:1:      dpeg_arrival_signposts, layout_loops_ring,
          hellmonk_ecumenical_altar_inner_sanctum, minmay_pentomino_z4
D:2:      layout_loops_ring, hangedman_decor_points
D:3:      layout_loops_cross, general_overflow_altar

Skill      XL: |  1  2  3 |
---------------+----------+-----
Invocations    | 1 |  1.2
Short Blades   | 1 |  1.1
Long Blades    | 1 |  1.1
Axes           | 1 |  1.1
Maces & Flails | 1 |  1.1
Polearms       | 1 |  1.1
Staves         | 1 |  1.1
Slings         | 1 |  1.1
Throwing       | 1 |  1.1
Dodging        | 1 |  1.1
Unarmed Combat | 1 |  1.1
Spellcasting   | 1 |  1.1
Evocations     | 1 |  1.1
Fighting       | |  6.6
Bows           | |  2.7
Crossbows      | |  2.7
Armour         | |  6.6
Stealth        | |  2.5
Shields        | |  2.7
Conjurations   | |  0.9
Hexes          | |  0.9
Summonings     | |  0.9
Necromancy     | |  0.9
Translocations | |  0.9
Transmutations | |  0.9
Fire Magic     | |  0.9
Ice Magic      | |  0.9
Air Magic      | |  0.9
Earth Magic    | |  0.9
Poison Magic   | |  0.9

Action                   |  1- 3 |  4- 6 || total
-------------------------+-------+-------++-------
Melee: Short sword       |   121 |    51 ||   172
       Bite              |     6 |     4 ||    10
 Fire: Hand crossbow     |    30 |       ||    30
Armor: Ring mail         |    79 |    14 ||    93
       Robe              |     1 |       ||     1
Dodge: Dodged            |    59 |    14 ||    73
Block: Kite shield       |    68 |    20 ||    88

Table legend: (Time is in decaauts)
 A = Elapsed time spent in this place.
 B = Non-inter-level travel time spent in this place.
 C = Inter-level travel time spent in this place.
 D = Time resting spent in this place.
 E = Time spent auto-exploring this place.
 F = Levels seen in this place.
 G = Mean time per level.
                   A        B        C        D        E       F      G
               +--------+--------+--------+--------+--------+-----+--------+
         Total |   2469 |   2308 |    161 |    139 |   1504 |   3 |  823.0 |
       Dungeon |   2469 |   2308 |    161 |    139 |   1504 |   3 |  823.0 |
               +--------+--------+--------+--------+--------+-----+--------+

Top non-repeatable levels by time:
     D:1: 1195 daAuts
     D:2: 1074 daAuts
     D:3: 199 daAuts
